 Dungeon Crawl Stone Soup version 0.30.0-10-gfe55d96785 (webtiles) character file.

Game seed: 5458030589149794186

20864 McKennaii the Spear-Bearer (level 12, -19/88 HPs)
             Began as a Demigod Conjurer on May 14, 2023.
             Demolished by an ettin
             ... wielding a +1 dire flail of protection
              (32 damage)
             ... on level 13 of the Dungeon.
             The game lasted 00:32:19 (18784 turns).

McKennaii the Spear-Bearer (Demigod Conjurer)      Turns: 18784, Time: 00:32:19

Health: -19/88     AC:  7    Str:  4    XL:     12   Next: 19%
Magic:  2/30       EV: 11    Int: 42    God:
Gold:   899        SH:  5    Dex:  7    Spells: 20/30 levels left

rFire   + + .        X - +2 trident "Jounei" {venom, Int+6 Dex-5}
rCold   + + .        (no shield)
rNeg    . . .        f - +0 steam dragon scales
rPois   .            r - +0 helmet
rElec   +            P - scarf {rC+ rF+}
rCorr   +            (no gloves)
SInv    .            E - +0 pair of boots
Will    ++...        I - amulet of reflection
Stlth   +            w - ring of resist corrosion
HPRegen 0.34/turn    K - ring of Morality {rElec rF+ rC+ Will+ Str-4}
MPRegen 0.22/turn

%: reflection
@: about to teleport
A: high MP 1, forlorn, divine attributes
a: no special abilities


You were on level 13 of the Dungeon.
You visited 1 branch of the dungeon, and saw 13 of its levels.
You also visited: Bailey.

You collected 1389 gold pieces.
You spent 490 gold pieces at shops.

Inventory:

Hand Weapons
 X - the +2 trident "Jounei" (weapon) {venom, Int+6 Dex-5}
   (You found it on level 13 of the Dungeon)

   Int:       It affects your intelligence (+6).
   Dex:       It affects your dexterity (-5).
Missiles
 s - 2 throwing nets
Armour
 f - +0 steam dragon scales (worn)
 r - a +0 helmet (worn)
 E - a +0 pair of boots (worn)
 P - a scarf of resistance (worn)
Magical Staves
 c - a staff of conjuration
Jewellery
 h - a ring of poison resistance
 u - a ring of flight
 v - a ring of protection from cold
 w - a ring of resist corrosion (left hand)
 y - a +6 ring of strength
 B - a ring of see invisible
 I - an amulet of reflection (around neck)
 K - the ring of Morality (right hand) {rElec rF+ rC+ Will+ Str-4}
   (You bought it in a shop on level 2 of the Dungeon)

   [ring of willpower]

   Str:       It affects your strength (-4).
   rF:        It protects you from fire.
   rC:        It protects you from cold.
   rElec:     It insulates you from electricity.
   Will:      It increases your willpower.
 O - a ring of ice
 Q - a +6 ring of intelligence
Wands
 l - a wand of digging (8)
 p - a wand of polymorph (7)
 z - a wand of light (22)
 C - a wand of flame (11)
 J - a wand of charming (14)
 M - a wand of mindburst (6)
 R - a wand of iceblast (8)
Scrolls
 a - 2 scrolls of teleportation
 b - 4 scrolls of amnesia
 d - 2 scrolls of enchant weapon
 e - 7 scrolls of vulnerability
 k - 2 scrolls of fog
 n - 2 scrolls of poison
 q - 2 scrolls of noise
 t - 4 scrolls of blinking
 A - a scroll of torment
 D - a scroll of fear
 F - 2 scrolls of enchant armour
 N - a scroll of immolation {unknown}
 S - 2 scrolls of identify
Potions
 g - 2 potions of mutation {unknown}
 i - 3 potions of attraction
 j - a potion of cancellation {unknown}
 m - 4 potions of lignification
 o - 4 potions of might {unknown}
 x - 3 potions of haste
 G - 2 potions of curing {unknown}
 H - a potion of degeneration {unknown}
 L - a potion of flight
 U - a potion of ambrosia {unknown}
 V - a potion of berserk rage {unknown}
 W - a potion of brilliance


   Skills:
 + Level 2.4 Fighting
 - Level 11.6 Polearms
 - Level 1.7 Dodging
 - Level 1.7 Stealth
 + Level 9.5 Spellcasting
 + Level 10.9 Conjurations
 + Level 9.4 Earth Magic


You had 20 spell levels left.
You knew the following spells:

 Your Spells              Type           Power      Damage    Failure   Level
a - Magic Dart            Conj           100%       1d8       1%          1
b - Searing Ray           Conj           100%       2d8       1%          2
c - Iskenderun's Mystic   Conj/Tloc      60%        2d13      1%          4
d - Stone Arrow           Conj/Erth      100%       3d13      1%          3

Your spell library contained the following spells:

 Spells                   Type           Power      Damage    Failure   Level
 Shock                    Conj/Air       100%       1d9       1%          1
 Passwall                 Tmut/Erth      46%        N/A       1%          2
 Dazzling Flash           Conj/Hex       100%       N/A       1%          3
 Flame Wave               Conj/Fire      60%        2d14      1%          4
 Fulminant Prism          Conj/Hex       30%        3d15      1%          4
 Sticky Flame             Conj/Fire      60%        2d8       1%          4
 Ensorcelled Hibernation  Hex/Ice        40%        N/A       2%          2
 Animate Armour           Summ/Erth      100%       N/A       2%          4
 Leda's Liquefaction      Hex/Erth       28%        N/A       2%          4
 Gell's Gravitas          Tloc           20%        N/A       4%          3
 Inner Flame              Hex/Fire       20%        N/A       4%          3
 Swiftness                Air            20%        N/A       4%          3
 Teleport Other           Tloc           20%        N/A       4%          3
 Airstrike                Air            10%        2d(2-18)  16%         4
 Statue Form              Tmut/Erth      37%        N/A       34%         6
 Summon Mana Viper        Hex/Summ       20%        N/A       41%         5
 Spellforged Servitor     Conj/Summ      30%        N/A       82%         7
 Lehudib's Crystal Spear  Conj/Erth      40%        10d10     86%         8
 Dispersal                Tloc           10%        N/A       94%         6
 Simulacrum               Ice/Necr       10%        N/A       94%         6
 Infestation              Necr           10%        N/A       100%        8


Dungeon Overview and Level Annotations

Branches:
Dungeon (13/15)            Temple (0/1) D:5            Lair (0/5) D:10
    Orc (0/2) D:9          Bailey (visited)
 Vaults: D:13-14

Shops:
D:2 (=   D:9 (

Annotations:
D:13 3 runed translucent doors, dertzug's ghost, journeyman HOMo


Innate Abilities, Weirdness & Mutations

You have an increased reservoir of magic. (+10% MP)
You shall have no god before yourself.
Your divine heritage dramatically boosts your attributes as you level up.


Message History

The ettin is heavily wounded.
The ettin is knocked back by the mystic blast.
The ettin collides with the phantasmal warrior!
The phantasmal warrior is lightly damaged.
You hear a shout!
Unknown command.
Unknown command.
Unknown command.
Aiming: Mindburst
Press: ? - help, Shift-Dir - straight line, f/p - ettin
Aim: an ettin, wielding a +1 dire flail of protection and a +0 dire flail (heavily wounded, chance to affect: 47%)
The ettin's minds are blasted!
The ettin hits you with a +1 dire flail of protection!!
You block the ettin's attack.
Aiming: Bolt of Light
Press: ? - help, Shift-Dir - straight line, f/p - ettin
Aim: an ettin, wielding a +1 dire flail of protection and a +0 dire flail (almost dead, 94% to hit)
The bolt of light hits the ettin!
The ettin is almost dead.
The ettin is blinded.
The bolt of light hits the phantasmal warrior!
The phantasmal warrior is moderately damaged.
The phantasmal warrior is blinded.
A centaur warrior comes into view. It is wielding a +0 flail.
The ettin closely misses you.
The ettin hits you with a +0 dire flail!!
* * * LOW HITPOINT WARNING * * *
Unknown command.
Unknown command.
The ettin is no longer blind.
The centaur warrior unwields a +0 flail.
The centaur warrior wields a +3 shortbow.
The centaur warrior shoots an arrow.
The arrow hits you.
* * * LOW HITPOINT WARNING * * *
As you read the scroll of teleportation, it crumbles to dust.
You feel strangely unstable.
The ettin hits you with a +1 dire flail of protection!
* * * LOW HITPOINT WARNING * * *
The ettin hits you with a +0 dire flail!!
You die...

#.# #.#. #.# #.#####
#.#..##### #.#
......# #.#...c...
..# #.#...#
#.#####...##.#
#.#...#
#........W)..#
#.#...#
#.##########.#
#.#...# #.# ##Wc.#
#.#...#
##.#######..###
#.#...###.......@C.##
.....#.....####.####
........#..# #.#
###..#..#..####.#
.......<......#.#
##..#####.....#.#
................#####
........P...........#
##.###..8...#######.#


You could see an ettin, a centaur warrior and a phantasmal warrior (blind).

Vanquished Creatures
  Fannar (D:11)
  Erica (D:11)
  A boulder beetle (D:12)
  3 two-headed ogres
  Amaemon (D:8)
  2 skeletal warriors (D:13)
  Pikel (D:5)
  A cyclops (D:11)
  An ugly thing (D:12)
  Maurice (D:8)
  An orange demon (D:8)
  6 centaur zombies (D:13)
  An efreet (D:13)
  6 trolls
  2 meliai zombies (D:13)
  3 shadows
  A wraith (D:13)
  9 slime creatures
  A vampire (D:12)
  2 wyverns (D:10)
  A steam dragon (D:4)
  8 yaks
  A basilisk (D:12)
  3 vampire mosquitoes (D:12)
  Menkaure (D:7)
  The ghost of Atelerd the Digger, an amateur OpEE (D:4)
  2 acid dragons
  A water moccasin (shapeshifter) (D:11)
  2 water moccasins
  6 orc warriors
  4 black bears
  2 ogres
  An ice beast (D:7)
  5 centaurs
  2 lemures
  3 phantoms
  10 kobold brigands
  2 bullfrogs (D:7)
  A gnoll sergeant (D:8)
  2 scorpions (D:5)
  3 wights (D:7)
  10 killer bees (D:8)
  7 howler monkeys
  6 hounds
  5 orc priests
  3 gnoll boudas
  A jelly (D:6)
  Jessica (D:3)
  A boggart zombie (D:13)
  2 iguanas
  Natasha (thrice) (D:2)
  7 orc wizards
  2 sleepcaps
  31 gnolls
  9 adders
  An ufetubus (D:5)
  3 worms
  2 dart slugs
  33 orcs
  9 ball pythons
  12 endoplasms
  4 giant cockroaches
  10 goblins
  8 hobgoblins
  4 jackals (D:4)
  A quokka (D:3)
  13 bats
  7 frilled lizards
  27 kobolds
  6 rats
334 creatures vanquished.

Vanquished Creatures (others)
  A kobold brigand (Bailey)
1 creature vanquished.

Grand Total: 335 creatures vanquished

Notes
Turn   | Place    | Note
-------+----------+-------------------------------------------
     0 | D:1      | McKennaii the Demigod Conjurer began the quest for the Orb.
     0 | D:1      | Reached XP level 1. HP: 14/14 MP: 5/5
   189 | D:1      | Reached XP level 2. HP: 20/20 MP: 5/7
   249 | D:1      | Learned a level 2 spell: Searing Ray
  1179 | D:2      | Reached XP level 3. HP: 26/26 MP: 0/9
  1482 | D:2      | Identified the +4 spear of Noon {freeze, Drain rN+ Stlth+}
  1562 | D:2      | Noticed Natasha
  1568 | D:2      | Killed Natasha
  1569 | D:2      | Reached skill level 1 in Polearms
  1574 | D:2      | Noticed Natasha
  1581 | D:2      | Killed Natasha
  1582 | D:2      | Reached XP level 4. HP: 25/33 MP: 1/11
  1768 | D:2      | Found Viturgha's Jewellery Shoppe.
  1893 | D:2      | Reached skill level 2 in Polearms
  2003 | D:2      | Noticed Natasha
  2008 | D:2      | Killed Natasha
  2132 | D:2      | Found Sizxoxat's Weapon Shoppe.
  2771 | D:3      | Reached XP level 5. HP: 35/38 MP: 8/12
  2825 | D:3      | Noticed Jessica
  2828 | D:3      | Killed Jessica
  2872 | D:3      | Reached skill level 3 in Polearms
  2872 | D:3      | Reached skill level 5 in Conjurations
  3176 | D:3      | Reached XP level 6. HP: 45/45 MP: 9/14
  4073 | D:4      | Reached skill level 4 in Polearms
  4079 | D:4      | Learned a level 4 spell: Iskenderun's Mystic Blast
  4083 | D:4      | Learned a level 3 spell: Stone Arrow
  4898 | D:4      | Got the Parchment of Amalgamated Quicksand
  5066 | D:4      | Reached skill level 1 in Earth Magic
  5170 | D:4      | Reached XP level 7. HP: 39/50 MP: 7/16
  5274 | D:4      | You fall into a shaft and drop 1 floor!
  5274 | D:5      | Entered Level 5 of the Dungeon
  5358 | D:5      | Found a staircase to the Ecumenical Temple.
  5387 | D:5      | Reached skill level 5 in Polearms
  5696 | D:4      | Found a runed translucent gate.
  5696 | D:4      | Found a runed translucent gate.
  5698 | D:4      | Found a runed translucent gate.
  5700 | D:4      | Noticed a steam dragon
  5701 | D:4      | Noticed Atelerd's ghost (amateur OpEE)
  5717 | D:4      | Killed Atelerd's ghost
  5720 | D:4      | Killed a steam dragon
  6141 | D:5      | Noticed Pikel
  6381 | D:5      | Reached skill level 6 in Polearms
  6524 | D:5      | Killed Pikel
  6525 | D:5      | Reached skill level 5 in Spellcasting
  6525 | D:5      | Reached XP level 8. HP: 52/57 MP: 3/19
  6564 | D:5      | Reached skill level 7 in Polearms
  7470 | D:6      | Reached XP level 9. HP: 62/62 MP: 13/21
  7569 | D:6      | Reached skill level 8 in Polearms
  8135 | D:7      | Noticed Menkaure
  8138 | D:7      | Killed Menkaure
  8396 | D:7      | Got the Codex of the Indurated Autopsy
  8440 | D:7      | Reached skill level 5 in Earth Magic
  8769 | D:8      | Reached skill level 9 in Polearms
  9068 | D:8      | Noticed Maurice
  9131 | D:8      | Noticed an orange demon
 10096 | D:8      | Reached XP level 10. HP: 46/69 MP: 10/24
 10222 | D:8      | Noticed Amaemon
 10275 | D:8      | Killed Amaemon
 10276 | D:8      | Reached skill level 10 in Polearms
 10451 | D:8      | Killed Maurice
 10791 | D:9      | Found Zacyng's Weapon Boutique.
 10791 | D:9      | Found a staircase to the Orcish Mines.
 11103 | D:2      | Bought the ring of Morality {rElec rF+ rC+ Will+ Str-4} for
                  | 490 gold pieces
 12475 | D:10     | Entered Level 10 of the Dungeon
 12475 | D:10     | Found a staircase to the Lair.
 12600 | D:10     | Noticed a two-headed ogre
 12607 | D:10     | Killed a two-headed ogre
 12954 | D:10     | Found a flagged portal.
 12960 | Bailey   | Entered a bailey
 13077 | Bailey   | Reached skill level 11 in Polearms
 13950 | D:10     | Identified the +0 ring mail of the Abyss {*Slow rC+ rN+}
 14108 | D:11     | Noticed Fannar
 14117 | D:11     | Killed Fannar
 14243 | D:11     | Noticed a two-headed ogre
 14247 | D:11     | Killed a two-headed ogre
 14248 | D:11     | Reached XP level 11. HP: 74/74 MP: 12/27
 14571 | D:11     | Noticed a two-headed ogre
 14580 | D:11     | Killed a two-headed ogre
 15324 | D:11     | Noticed Erica
 15330 | D:11     | Killed Erica
 15723 | D:12     | Noticed a boulder beetle
 15742 | D:12     | Killed a boulder beetle
 15891 | D:12     | Reached skill level 10 in Conjurations
 17065 | D:13     | Identified the +2 trident "Jounei" {venom, Int+6 Dex-5}
 17343 | D:13     | Noticed a skeletal warrior
 17361 | D:13     | Noticed a skeletal warrior
 17730 | D:13     | Reached skill level 1 in Fighting
 17730 | D:13     | Reached XP level 12. HP: 25/83 MP: 1/29
 18627 | D:13     | Found a runed translucent gate.
 18627 | D:13     | Found a runed translucent gate.
 18628 | D:13     | Noticed a centaur warrior
 18629 | D:13     | Found a runed translucent gate.
 18630 | D:13     | Noticed a centaur warrior
 18631 | D:13     | Noticed a merfolk impaler
 18632 | D:13     | Noticed dertzug's ghost (journeyman HOMo)
 18768 | D:13     | Noticed an ettin
 18777 | D:13     | Noticed a centaur warrior
 18784 | D:13     | Demolished by an ettin

Illustrated notes

Levels and vault maps discovered:
D:1:      saegor_arrival_simple_a, layout_basic
D:2:      layout_basic, serial_shops, nicolae_shop_bloodbath_and_beyond,
          nicolae_shop_pleasant_corner_grove, minmay_quantized, uniq_natasha
D:3:      layout_basic, basic_ecumenical_altar, minmay_cut_off, uniq_jessica
D:4:      layout_basic, mainiacjoe_overflow_big_doors, marbit_many_paths,
          ebering_ghost_gozag
D:5:      nicolae_cairo_tiling, layout_cave_pools,
          mainiacjoe_overflow_six_doors_small, uniq_pikel
D:6:      layout_cave_pools, yredelemnul_altar_generic, chei_slow_surprise
D:7:      nicolae_cairo_tiling_large_dashed, layout_basic,
          minmay_misc_feat_square, nrook_mini_backslash, uniq_menkaure
D:8:      layout_rooms, uniq_amaemon, uniq_maurice
D:9:      layout_loops_corners, chequers_temple_overflow_minitemple,
          orc_david_3, minmay_misc_feat_rows
D:10:     layout_roguey, lair_entry_dummy, enter_bailey_4,
          minmay_misc_feat_more_columns
D:11:     layout_loops_ring, nicolae_elevator_lobby_asterisk, uniq_fannar,
          uniq_erica
D:12:     minmay_spotlight, layout_small_grid
D:13:     layout_basic, david_vaults_4, gammafunk_ghost_fury_of_okawaru,
          serial_undead, serial_undead_a, serial_undead_c, serial_undead_a,
          serial_undead_c, hangedman_abyss_or_decor_stabs

Skill      XL: |  1  2  3  4  5  6  7  8  9 10 11 12 |
---------------+-------------------------------------+-----
Spellcasting   | 2 3 4 5 6 7 9 |  9.5
Conjurations   | 4 5 6 7 8 9 10 | 10.9
Polearms       | 1 2 3 4 6 7 9 11 | 11.6
Earth Magic    | 1 3 4 5 7 9 |  9.4
Fighting       | 1 2 |  2.4
Dodging        | |  1.7
Stealth        | |  1.7

Action                     |  1- 3 |  4- 6 |  7- 9 | 10-12 || total
---------------------------+-------+-------+-------+-------++-------
  Melee: Unarmed           |    12 |       |       |       ||    12
         Spear             |     1 |    39 |    53 |    33 ||   126
         Punch             |     1 |       |       |     1 ||     2
         Trident           |       |       |       |    54 ||    54
   Cast: Magic Dart        |    73 |   144 |   127 |    53 ||   397
         Searing Ray       |     1 |     9 |    20 |     5 ||    35
         Stone Arrow       |       |     5 |    43 |   212 ||   260
         Iskenderun's Myst |       |       |    19 |    48 ||    67
  Evoke: Wand              |       |       |       |     4 ||     4
    Use: Potion            |     1 |     4 |     1 |     3 ||     9
         Scroll            |       |       |       |    14 ||    14
 Armour: Robe              |     4 |     2 |     5 |       ||    11
         Steam dragon scal |       |       |    24 |    36 ||    60
         Skin              |       |       |     2 |    44 ||    46
  Dodge: Dodged            |    24 |    37 |    61 |    50 ||   172
  Block: Other             |       |       |       |    31 ||    31
         Reflection        |       |       |       |     3 ||     3
